 Dungeon Crawl Stone Soup version 0.27.1 (webtiles) character file.

Game seed: 5903431508938555989

23 funkygono the Firebug (level 3, -3/19 HPs)
             Began as a Gargoyle Fire Elementalist on Aug 23, 2021.
             Slain by a phantom (4 damage)
             ... on level 2 of the Dungeon.
             The game lasted 00:04:23 (1331 turns).

funkygono the Firebug (Gargoyle Fire Elementalist)  Turns: 1331, Time: 00:04:23

Health: -3/19      AC:  5    Str: 11    XL:     3   Next: 0%
Magic:  0/6        EV: 12    Int: 16    God:
Gold:   73         SH:  0    Dex: 10    Spells: 2/6 levels left

rFire    . . .     SeeInvis .   d - +0 mace
rCold    . . .     Faith    .   (no shield)
rNeg     + . .     Spirit   .   a - +0 robe
rPois    ∞         Reflect  .   (no helmet)
rElec    +         Harm     .   (no cloak)
rCorr    .         Rampage  .   (no gloves)
Will     .....                  (no boots)
Stlth    ++........             (no amulet)
HPRegen  0.06/turn              (no ring)
MPRegen  0.10/turn              (no ring)

@: very slightly contaminated
A: sickness immunity, AC +3, negative energy resistance 1, electricity
resistance, torment resistance 1, petrification resistance
a: no special abilities


You were on level 2 of the Dungeon.
You visited 1 branch of the dungeon, and saw 2 of its levels.

You collected 73 gold pieces.

Inventory:

Hand Weapons
 d - a +0 mace (weapon)
Missiles
 c - 23 stones
Armour
 a - a +0 robe (worn)
Magical Staves
 b - a staff of air
Scrolls
 e - a scroll of teleportation
 f - a scroll of blinking
 g - a scroll of identify {unknown}


   Skills:
 + Level 0.3 Maces & Flails
 + Level 1.7 Dodging
 - Level 2.1 Stealth
 * Level 2.4 Spellcasting
 * Level 1.2 Conjurations
 * Level 3.4 Fire Magic


You had 2 spell levels left.
You knew the following spells:

 Your Spells              Type           Power      Damage    Failure   Level
a - Foxfire               Conj/Fire      36%        2x1d5     8%          1
b - Conjure Flame         Conj/Fire      9%         6-21      22%         3

Your spell library contained the following spells:

 Spells                   Type           Power      Damage    Failure   Level
 Inner Flame              Hex/Fire       7%         N/A       28%         3
 Sticky Flame             Conj/Fire      9%         2d3       58%         4
 Fireball                 Conj/Fire      4%         3d4       91%         5


Dungeon Overview and Level Annotations

Branches:
Dungeon (2/15)

Altars:


Innate Abilities, Weirdness & Mutations

You are immune to sickness and miasma.
Your stone body is resilient. (AC +3)
You are immune to poison.
You resist negative energy. (rN+)
You are resistant to electric shocks. (rElec)
You are resistant to unholy torment.
You are immune to petrification.


Message History

Casting: Foxfire (safe; 8% risk of failure)
Confirm with . or Enter, or press ? or * to list all spells.
You conjure some foxfire!
The phantom hits you but does no damage.
Unknown command.
The foxfire hits the phantom.
The phantom is lightly damaged.
The foxfire hits the phantom but does no damage.
The phantom is lightly damaged.
The phantom hits you.
The phantom blinks!
You blink.
Casting: Foxfire (safe; 8% risk of failure)
Confirm with . or Enter, or press ? or * to list all spells.
You miscast Foxfire.
You are very lightly contaminated with residual magic.
Nothing appears to happen.
The phantom barely misses you.
Unknown command.
Casting: Foxfire (safe; 8% risk of failure)
Confirm with . or Enter, or press ? or * to list all spells.
You conjure some foxfire!
The phantom hits you.
* * * LOW HITPOINT WARNING * * *
The phantom blinks!
You blink.
Unknown command.
The foxfire hits the phantom.
The phantom is lightly damaged.
Unknown command.
Casting: Foxfire (safe; 8% risk of failure)
Confirm with . or Enter, or press ? or * to list all spells.
You conjure some foxfire!
The phantom closely misses you.
The foxfire hits the phantom but does no damage.
The phantom is lightly damaged.
The foxfire hits the phantom.
The phantom is moderately damaged.
The phantom hits you.
* * * LOW HITPOINT WARNING * * *
The phantom blinks!
You blink.
You aren't carrying any potions.
Casting: Foxfire (safe; 8% risk of failure)
Confirm with . or Enter, or press ? or * to list all spells.
You miscast Foxfire.
Nothing appears to happen.
The phantom hits you.
You die...

# #.# #....## #.#
###.## #..... #.#
...... ##...#. #.#
.##.#. #..# ####.#
....# #..# #....#
.##.# # #..# #.#### .#
# .##..# #.# .##
#.#..# #.# ..# #[W@#
#.# ..# #...## #.#
..... #.##.# #.#
#.#>#. #.#.###§#####
#.# ....
.......§....########.#
.#.
#######.###..........#
. ...# ############
#####


You could see a phantom.

Vanquished Creatures
  A dart slug (D:1)
  2 endoplasms
  2 giant cockroaches
  A goblin (D:1)
  2 hobgoblins
  3 quokkas
  2 bats (D:1)
  3 kobolds
  3 rats (D:1)
19 creatures vanquished.

Vanquished Creatures (others)
  62 foxfires
62 creatures vanquished.

Grand Total: 81 creatures vanquished

Notes
Turn   | Place    | Note
-------+----------+-------------------------------------------
     0 | D:1      | funkygono the Gargoyle Fire Elementalist began the quest
                  | for the Orb.
     0 | D:1      | Reached XP level 1. HP: 10/10 MP: 3/3
   258 | D:1      | Reached XP level 2. HP: 11/15 MP: 1/5
   692 | D:1      | Found a faded altar of an unknown god.
  1216 | D:2      | Reached XP level 3. HP: 17/19 MP: 1/6
  1220 | D:2      | Learned a level 3 spell: Conjure Flame
  1298 | D:2      | Noticed a phantom
  1331 | D:2      | Slain by a phantom

Illustrated notes

Levels and vault maps discovered:
D:1:      dpeg_arrival_windows_large_door, layout_loops_cross,
          dreamdust_ecumenical_altar_statues
D:2:      layout_loops_ring, minmay_quadrilaterals, uniq_natasha, uniq_jessica

Action                   || total
-------------------------++-------
Melee: Unarmed           ||     3
       Mace              ||    19
 Cast: Foxfire           ||    39
  Use: Scroll            ||     2
 Stab: Sleeping          ||     1
Armor: Robe              ||    11
Dodge: Dodged            ||    22
